cohdb
Replays
Latest Replays
All Replays
Popular Replays
Top Player Replays
Match Explorer
How It Works
Community
CoH3 Stats
Reddit
Sign in to upload your games and track your stats! →
Sign in with Steam
Match 41956297
Unlisted
Match 41956297
Overview
Messages
Build Orders
End
Kradschützen Motorcycle Team
250 Light Carrier
Selects Italian Infantry
Panzergrenadier Squad
Construct Light Support Kompanie
Panzergrenadier Squad
Combat Half-tracks
Selects Guastatori Squad
Guastatori Squad
2.5-tonne Medical Truck
Fire Support Elements
Veteran Squad Leaders
Panzerjäger Mechanized Group
Guastatori Squad
Selects Registered Artillery
Construct Panzerarmee Kommand
Armored Reserves
Panzer IV Assault Group
Advanced Field Repairs
Selects Towed Cannone da 105/28 Field Howitzer
Pak 38 Anti-tank Gun Team
Towed Cannone da 105/28 Field Howitzer
Selects Sound the Alarm
Selects Prepared Positions
Pak 38 Anti-tank Gun Team
Puffy
Agua de Jamaica
0
0
Comments
sign in to comment!
No comments posted yet!